 Dungeon Crawl Stone Soup version 0.31-a0-489-g282fc92437 (webtiles) character file.

Game seed: 13874833359763223445

3487 GordonOverkill the Sneak (level 10, -9/63 HPs)
             Began as an Octopode Delver on Aug 8, 2023.
             Was an Elder of Cheibriados.
             Mangled by a komodo dragon (25 damage)
             ... on level 7 of the Dungeon.
             The game lasted 00:17:28 (6547 turns).

GordonOverkill the Sneak (Octopode Delver)          Turns: 6547, Time: 00:17:28

Health: -9/63      AC:  5    Str: 28    XL:     10   Next: 7%
Magic:  12/19      EV: 14    Int: 27    God:    Cheibriados [****..]
Gold:   350        SH:  5    Dex: 26    Spells: 15/21 levels left

rFire   . . .        D - +4 dagger of Dust {heavy, Dex+3}
rCold   . . .        (no shield)
rNeg    . . .        (helmet restricted)
rPois   +            x - amulet of reflection
rElec   .            i - +6 ring of strength
rCorr   .            j - ring of flight
SInv    .            n - ring of wizardry
Will    .....        s - +4 ring of protection
Stlth   +++++        F - ring of poison resistance
HPRegen 0.30/turn    (no ring)
MPRegen 0.16/turn    (no ring)
                     (no ring)

%: reflection, wizardry (x1)
@: flying, very slow
A: almost no armour, amphibious, 8 rings, camouflage 1, gelatinous body 1,
(nimble swimmer 1), tentacles
a: Renounce Religion, Bend Time, Temporal Distortion, Slouch


You were on level 7 of the Dungeon.
You worshipped Cheibriados.
Cheibriados was greatly pleased with you.
You visited 1 branch of the dungeon, and saw 7 of its levels.

You collected 350 gold pieces.

Inventory:

Hand Weapons
 l - a +1 short sword of distortion
 D - the +4 dagger of Dust (weapon) {heavy, Dex+3}
   (You found it on level 6 of the Dungeon)

   Dex:       It affects your dexterity (+3).
Missiles
 k - 7 poisoned darts (quivered)
 q - a throwing net
Armour
 t - a +0 kite shield
Jewellery
 i - a +6 ring of strength (left tentacle)
 j - a ring of flight (right tentacle)
 n - a ring of wizardry (on tentacle)
 s - a +4 ring of protection (on tentacle)
 x - an amulet of reflection (around mantle)
 F - a ring of poison resistance (on tentacle)
Wands
 d - a wand of iceblast (7)
 e - a wand of flame (32)
 f - a wand of digging (3)
Scrolls
 b - 2 scrolls of fog
 c - a scroll of revelation
 g - a scroll of enchant armour
 r - 2 scrolls of teleportation {unknown}
 u - a scroll of torment {unknown}
 w - 3 scrolls of vulnerability {unknown}
 y - 2 scrolls of amnesia {unknown}
 B - a scroll of poison {unknown}
 C - 5 scrolls of identify
Potions
 a - 2 potions of cancellation {unknown}
 h - 3 potions of heal wounds
 m - a potion of lignification
 o - 4 potions of curing
 p - a potion of brilliance
 v - a potion of degeneration {unknown}
 z - 2 potions of might {unknown}
 A - 2 potions of enlightenment {unknown}
 E - 2 potions of mutation {unknown}


   Skills:
 - Level 3.0 Fighting
 - Level 5.0 Short Blades
 - Level 2.0 Throwing
 - Level 2.0 Dodging
 - Level 6.6 Stealth
 + Level 6.3 Spellcasting
 + Level 6.5 Conjurations
 + Level 6.5 Fire Magic
 - Level 4.0 Invocations
 - Level 4.0 Evocations


You had 15 spell levels left.
You knew the following spells:

 Your Spells              Type           Power      Damage    Failure   Level
a - Sticky Flame          Conj/Fire      44%        2d6       1%          4
b - Passwall              Tmut/Erth      6%         N/A       4%          2

Your spell library contained the following spells:

 Spells                   Type           Power      Damage    Failure   Level
 Hailstorm                Conj/Ice       26%        3d7       1%          3
 Inner Flame              Hex/Fire       26%        N/A       1%          3
 Flame Wave               Conj/Fire      44%        2d11      1%          4
 Ensorcelled Hibernation  Hex/Ice        16%        N/A       4%          2
 Swiftness                Air            8%         N/A       8%          3
 Summon Ice Beast         Ice/Summ       8%         N/A       24%         4
 Simulacrum               Ice/Necr       4%         N/A       97%         6


Dungeon Overview and Level Annotations

Branches:
Dungeon (7/15)             Temple (0/1) D:5

Altars:
Ashenzari
Cheibriados
Elyvilon
Gozag
Hepliaklqana
Kikubaaqudgha
Makhleb
Sif Muna
Uskayaw
Vehumet
Xom

Shops:
D:2 [

Annotations:
D:2 1 runed translucent door, Crazy Yiuf


Innate Abilities, Weirdness & Mutations

You cannot wear most types of armour.
You are amphibious.
You can wear up to eight rings at the same time.
Your skin changes colour to match your surroundings (Stealth+).
Your rubbery body absorbs attacks. (AC +1, EV +1)
((You are camouflaged when in or above water. (Stealth+)))
You have tentacles for arms and can constrict up to eight enemies at once.


Message History

You start resting.
Magic restored.
You see here a yak corpse.
You block the orc warrior's attack.
The orc warrior hits you with a +0 war axe.
There is an open door, spattered with blood here.
Casting: Sticky Flame (dangerous; 1% risk of failure)
Confirm with . or Enter, or press ? or * to list all spells.
Aiming: Sticky Flame (dangerous; 1% risk of failure)
Press: ? - help, Shift-Dir - straight line, f - orc warrior
Aim: an orc warrior, wielding a +0 war axe and wearing a +0 chain mail The sticky flame hits the orc warrior.
The orc warrior is lightly wounded.
The orc warrior is covered in liquid flames!
The black bear growls angrily.
The komodo dragon hisses angrily.
The orc warrior burns!
The orc warrior closely misses you.
You hit the orc warrior but do no damage.
Your grab misses the orc warrior.
The orc warrior is moderately wounded.
The orc warrior burns!
The orc warrior hits you with a +0 war axe.
The black bear bites you. The black bear closely misses you. x2
The komodo dragon bites you!!
* * * LOW HITPOINT WARNING * * *
The orc warrior burns! x2
The orc warrior hits you with a +0 war axe!
* * * LOW HITPOINT WARNING * * *
Cheibriados thoroughly appreciates the change of pace.
You feel a bit more experienced.
You see here a yak corpse.
Casting: Sticky Flame (dangerous; 1% risk of failure)
Confirm with . or Enter, or press ? or * to list all spells.
Aiming: Sticky Flame (dangerous; 1% risk of failure)
Press: ? - help, Shift-Dir - straight line, f - komodo dragon
Aim: a komodo dragon The sticky flame hits the komodo dragon.
The komodo dragon is lightly wounded.
The komodo dragon is covered in liquid flames!
The komodo dragon burns!
The komodo dragon bites you!!
You die...

......##...######..#######.....#
...............................#
............####.....####......#
.......#....#$.##...##..#.#.####
.....<.#....#...##.##†..#.#.#
.......#....##..h#.#†..##.#.#
.......#.....##l'#.#'.##..#.#
.......#......###l..###...#.#####
.......###......@.8..............
..........#...###...###..........
........#.#..##.†#.#'.##.........
........#.#.##..)#.#...##........
..........#.#...##.##...#.#+#####
.......#..#.#!.##...##))#.#.#####
..........#.####.....####.#.#....
.......#..................#.....#
.........#...................##.#


You could see a komodo dragon (burning).

Vanquished Creatures
  Pikel (D:7)
  Sigmund (D:6)
  A yak (D:7)
  A wyvern (D:7)
  Menkaure (D:4)
  3 water moccasins (D:7)
  2 orc warriors (D:7)
  2 sky beasts
  A black bear (D:7)
  2 ogres
  4 lemures (D:7)
  A phantom (D:5)
  2 bullfrogs (D:7)
  2 scorpions
  5 wights (D:7)
  3 howler monkeys
  4 crimson imps
  3 iron imps (D:5)
  2 jellies
  3 hounds
  2 sleepcaps
  Jessica (D:3)
  4 iguanas
  3 orc wizards
  4 adders
  11 gnolls
  A white imp (D:7)
  An ufetubus (D:4)
  3 worms
  3 dart slugs
  10 orcs
  4 bats
  4 endoplasms
  4 goblins
  A hobgoblin (D:1)
  3 jackals (D:3)
  A quokka (D:3)
  7 ball pythons
  2 frilled lizards
  10 kobolds
  2 rats
125 creatures vanquished.

Notes
Turn   | Place    | Note
-------+----------+-------------------------------------------
     0 | D:5      | GordonOverkill the Octopode Delver began the quest for the
                  | Orb.
     0 | D:5      | Reached XP level 1. HP: 16/16 MP: 1/1
     1 | D:5      | Found a staircase to the Ecumenical Temple.
     1 | D:5      | Noticed an iguana
     1 | D:5      | Noticed an orc wizard
    83 | D:6      | Found an opulent altar of Gozag.
    99 | D:7      | Noticed Pikel
    99 | D:7      | Noticed a lemure
    99 | D:7      | Noticed a lemure
    99 | D:7      | Noticed a lemure
    99 | D:7      | Noticed a lemure
   121 | D:6      | Noticed a hound
   121 | D:6      | Noticed an iguana
   121 | D:6      | Noticed a sleepcap
   143 | D:6      | Killed a hound
   144 | D:6      | Reached XP level 2. HP: 13/21 MP: 2/2
   144 | D:6      | Reached XP level 3. HP: 16/26 MP: 3/3
   163 | D:5      | Found a snail-covered altar of Cheibriados.
   173 | D:5      | Became a worshipper of Cheibriados the Contemplative
   220 | D:4      | Noticed Menkaure
   238 | D:4      | Killed Menkaure
   239 | D:4      | Reached XP level 4. HP: 3/31 MP: 3/6
   239 | D:4      | Reached XP level 5. HP: 3/36 MP: 3/7
   543 | D:5      | Noticed a phantom
   564 | D:4      | Noticed an ogre
   566 | D:4      | Killed an ogre
   567 | D:4      | Reached skill level 1 in Throwing
   567 | D:4      | Reached XP level 6. HP: 42/42 MP: 8/8
   614 | D:3      | Learned a level 4 spell: Sticky Flame
   812 | D:2      | Found a runed translucent door.
   813 | D:2      | Noticed Crazy Yiuf
   850 | D:2      | Found Kemmiesh's Armour Emporium.
   956 | D:1      | Reached * piety under Cheibriados
  2161 | D:3      | Noticed Jessica
  2168 | D:3      | Killed Jessica
  2168 | D:3      | Reached ** piety under Cheibriados
  2363 | D:3      | Reached skill level 5 in Short Blades
  2684 | D:4      | Learned a level 2 spell: Passwall
  3200 | D:4      | Reached skill level 1 in Spellcasting
  3200 | D:4      | Reached skill level 1 in Conjurations
  3200 | D:4      | Reached skill level 1 in Fire Magic
  3522 | D:5      | Reached XP level 7. HP: 33/46 MP: 9/9
  3581 | D:5      | Found a shimmering altar of Xom.
  3937 | D:4      | Reached *** piety under Cheibriados
  3963 | D:5      | Reached XP level 8. HP: 40/52 MP: 7/12
  4138 | D:5      | Found a radiant altar of Vehumet.
  4270 | D:5      | Found a burning altar of Makhleb.
  4347 | D:5      | Found a white marble altar of Elyvilon.
  4347 | D:5      | Found a hazy altar of Hepliaklqana.
  4513 | D:6      | Reached skill level 1 in Evocations
  4750 | D:6      | Identified the +4 dagger of Dust {heavy, Dex+3}
  4868 | D:6      | Found a large runed translucent door.
  4868 | D:6      | Found a large runed translucent door.
  4897 | D:6      | Noticed Sigmund
  4908 | D:6      | Killed Sigmund
  5093 | D:6      | Found an ancient bone altar of Kikubaaqudgha.
  5164 | D:6      | Found a broken altar of Ashenzari.
  5280 | D:7      | Reached **** piety under Cheibriados
  5373 | D:7      | Reached XP level 9. HP: 56/56 MP: 6/15
  5703 | D:7      | Reached skill level 5 in Conjurations
  5930 | D:7      | Found a hide-covered altar of Uskayaw.
  5992 | D:7      | Killed Pikel
  5993 | D:7      | Reached skill level 5 in Spellcasting
  5993 | D:7      | Reached skill level 5 in Fire Magic
  6300 | D:7      | Found a shimmering blue altar of Sif Muna.
  6506 | D:7      | Noticed a komodo dragon
  6513 | D:7      | Reached XP level 10. HP: 63/63 MP: 14/19
  6547 | D:7      | Mangled by a komodo dragon

Illustrated notes

Levels and vault maps discovered:
D:1:      scummos_arrival_forest, layout_rooms, chequers_serial_rivers_micro_a
D:2:      layout_basic, serial_shops, nicolae_shop_getting_attention,
          uniq_crazy_yiuf_cottage
D:3:      layout_basic, kennysheep_jessica_study
D:4:      layout_basic, uniq_menkaure
D:5:      layout_rooms, led_xom_imps, demons_altar,
          mainiacjoe_overflow_divided_tiny, nicolae_vehumet_radiance,
          general_overflow_altar, minmay_temple_entry_mini_moons, st_stairs_10
D:6:      layout_cave_pools, lemuel_doored_altar, jmf_multi_god_temple2,
          minmay_misc_feat_chi, uniq_sigmund
D:7:      cheibrodos_barr_body, layout_basic, eat_drink_and_be_merry_uskayaw,
          mainiacjoe_overflow_tiny_flanked, kennysheep_path_1, uniq_pikel

Skill      XL: |  1  2  3  4  5  6  7  8  9 |
---------------+----------------------------+-----
Short Blades   | 3 4 5 |  5.0
Invocations    | 2 3 4 |  4.0
Throwing       | 1 2 |  2.0
Spellcasting   | 1 2 4 6 |  6.3
Conjurations   | 1 3 4 6 |  6.5
Fire Magic     | 1 3 4 6 |  6.5
Evocations     | 3 4 |  4.0
Fighting       | |  3.0
Dodging        | |  2.0
Stealth        | |  6.6

Action                     |  1- 3 |  4- 6 |  7- 9 | 10-12 || total
---------------------------+-------+-------+-------+-------++-------
  Melee: Short sword       |    15 |   106 |   103 |       ||   224
         Tentacles         |     5 |    33 |    44 |       ||    82
         Constrict         |     2 |    25 |    45 |       ||    72
         Punch             |       |     1 |     3 |       ||     4
         Dagger            |       |       |    46 |     1 ||    47
  Throw: Dart              |       |     7 |     6 |       ||    13
   Cast: Sticky Flame      |       |     1 |    28 |     2 ||    31
    Use: Potion            |     1 |     1 |     2 |       ||     4
         Scroll            |       |     6 |     2 |       ||     8
   Stab: Sleeping          |     1 |    15 |    12 |       ||    28
         Distracted        |       |     1 |       |       ||     1
 Armour: Skin              |       |    11 |    46 |       ||    57
  Dodge: Dodged            |     6 |    44 |   136 |     3 ||   189
  Block: Other             |       |       |     4 |     1 ||     5

Table legend: (Time is in decaauts)
 A = Elapsed time spent in this place.
 B = Non-inter-level travel time spent in this place.
 C = Inter-level travel time spent in this place.
 D = Time resting spent in this place.
 E = Time spent auto-exploring this place.
 F = Levels seen in this place.
 G = Mean time per level.
                   A        B        C        D        E       F      G
               +--------+--------+--------+--------+--------+-----+--------+
         Total |   8579 |   8139 |    440 |   1499 |   4706 |   7 | 1225.6 |
       Dungeon |   8579 |   8139 |    440 |   1499 |   4706 |   7 | 1225.6 |
               +--------+--------+--------+--------+--------+-----+--------+

Top non-repeatable levels by time:
     D:4: 1941 daAuts
     D:7: 1699 daAuts
     D:2: 1216 daAuts
     D:6: 1153 daAuts
     D:3: 985 daAuts
     D:5: 984 daAuts
     D:1: 598 daAuts
